Workbook

Sheet Combined Cash Book
D1: Income | I1: Expenses | J1: Expenses | Y1: Balance Sheet
F2: Other | Q2: Other
A3: Date | B3: Description | C3: Bank/Trust | D3: Membership Fees | E3: Government Fees | F3: 5 | G3: 6 | H3: 7 | I3: Accounting Fees | J3: Advertising | K3: Bank Charges | L3: Courier and Postage | M3: Insurance | N3: Membership Fees | O3: Motor Vehicle Expenses | P3: Office and Meeting Expenses | Q3: 2 | R3: 3 | S3: 4 | T3: Salaries | U3: Stationery | V3: Telephone, cellphone and internet | W3: Training | X3: Traveling & Accomodation | Y3: Assets
B4: Totals | C4: =SUM(C5:C500) -> 277 | D4: =SUM(D6:D500) -> 1 | E4: =SUM(E6:E500) -> 2 | F4: =SUM(F6:F500) -> 3 | G4: =SUM(G6:G500) -> 4 | H4: =SUM(H6:H500) -> 5 | I4: =SUM(I6:I500) -> 6 | J4: =SUM(J6:J500) -> 7 | K4: =SUM(K6:K500) -> 8 | ... Y4: =SUM(Y6:Y500) -> 22
A5: 42461 | B5: Opening Bank Balance | C5: 500
C6: =D6+E6+F6+G6+H6-I6-J6-K6-L6-M6-N6-O6-P6-Q6-R6-S6-T6-U6-V6-W6-X6-Y6 -> 1 | D6: 1
C7: =D7+E7+F7+G7+H7-I7-J7-K7-L7-M7-N7-O7-P7-Q7-R7-S7-T7-U7-V7-W7-X7-Y7 -> 2 | E7: 2
C8: =D8+E8+F8+G8+H8-I8-J8-K8-L8-M8-N8-O8-P8-Q8-R8-S8-T8-U8-V8-W8-X8-Y8 -> 3 | F8: 3
C9: =D9+E9+F9+G9+H9-I9-J9-K9-L9-M9-N9-O9-P9-Q9-R9-S9-T9-U9-V9-W9-X9-Y9 -> 4 | G9: 4
C10: =D10+E10+F10+G10+H10-I10-J10-K10-L10-M10-N10-O10-P10-Q10-R10-S10-T10-U10-V10-W10-X10-Y10 -> 5 | H10: 5
C11: =D11+E11+F11+G11+H11-I11-J11-K11-L11-M11-N11-O11-P11-Q11-R11-S11-T11-U11-V11-W11-X11-Y11 -> -6 | I11: 6
C12: =D12+E12+F12+G12+H12-I12-J12-K12-L12-M12-N12-O12-P12-Q12-R12-S12-T12-U12-V12-W12-X12-Y12 -> -7 | J12: 7
C13: =D13+E13+F13+G13+H13-I13-J13-K13-L13-M13-N13-O13-P13-Q13-R13-S13-T13-U13-V13-W13-X13-Y13 -> -8 | K13: 8
C14: =D14+E14+F14+G14+H14-I14-J14-K14-L14-M14-N14-O14-P14-Q14-R14-S14-T14-U14-V14-W14-X14-Y14 -> -9 | L14: 9
C15: =D15+E15+F15+G15+H15-I15-J15-K15-L15-M15-N15-O15-P15-Q15-R15-S15-T15-U15-V15-W15-X15-Y15 -> -10 | M15: 10
C16: =D16+E16+F16+G16+H16-I16-J16-K16-L16-M16-N16-O16-P16-Q16-R16-S16-T16-U16-V16-W16-X16-Y16 -> -11 | N16: 11
C17: =D17+E17+F17+G17+H17-I17-J17-K17-L17-M17-N17-O17-P17-Q17-R17-S17-T17-U17-V17-W17-X17-Y17 -> -12 | O17: 12
C18: =D18+E18+F18+G18+H18-I18-J18-K18-L18-M18-N18-O18-P18-Q18-R18-S18-T18-U18-V18-W18-X18-Y18 -> -13 | P18: 13
C19: =D19+E19+F19+G19+H19-I19-J19-K19-L19-M19-N19-O19-P19-Q19-R19-S19-T19-U19-V19-W19-X19-Y19 -> -14 | Q19: 14
C20: =D20+E20+F20+G20+H20-I20-J20-K20-L20-M20-N20-O20-P20-Q20-R20-S20-T20-U20-V20-W20-X20-Y20 -> -15 | R20: 15
C21: =D21+E21+F21+G21+H21-I21-J21-K21-L21-M21-N21-O21-P21-Q21-R21-S21-T21-U21-V21-W21-X21-Y21 -> -16 | S21: 16
C22: =D22+E22+F22+G22+H22-I22-J22-K22-L22-M22-N22-O22-P22-Q22-R22-S22-T22-U22-V22-W22-X22-Y22 -> -17 | T22: 17
C23: =D23+E23+F23+G23+H23-I23-J23-K23-L23-M23-N23-O23-P23-Q23-R23-S23-T23-U23-V23-W23-X23-Y23 -> -18 | U23: 18
C24: =D24+E24+F24+G24+H24-I24-J24-K24-L24-M24-N24-O24-P24-Q24-R24-S24-T24-U24-V24-W24-X24-Y24 -> -19 | V24: 19
C25: =D25+E25+F25+G25+H25-I25-J25-K25-L25-M25-N25-O25-P25-Q25-R25-S25-T25-U25-V25-W25-X25-Y25 -> -20 | W25: 20
C26: =D26+E26+F26+G26+H26-I26-J26-K26-L26-M26-N26-O26-P26-Q26-R26-S26-T26-U26-V26-W26-X26-Y26 -> -21 | X26: 21
C27: =D27+E27+F27+G27+H27-I27-J27-K27-L27-M27-N27-O27-P27-Q27-R27-S27-T27-U27-V27-W27-X27-Y27 -> -22 | Y27: 22
C28: =D28+E28+F28+G28+H28-I28-J28-K28-L28-M28-N28-O28-P28-Q28-R28-S28-T28-U28-V28-W28-X28-Y28 -> 0
C29: =D29+E29+F29+G29+H29-I29-J29-K29-L29-M29-N29-O29-P29-Q29-R29-S29-T29-U29-V29-W29-X29-Y29 -> 0
C30: =D30+E30+F30+G30+H30-I30-J30-K30-L30-M30-N30-O30-P30-Q30-R30-S30-T30-U30-V30-W30-X30-Y30 -> 0
C31: =D31+E31+F31+G31+H31-I31-J31-K31-L31-M31-N31-O31-P31-Q31-R31-S31-T31-U31-V31-W31-X31-Y31 -> 0
C32: =D32+E32+F32+G32+H32-I32-J32-K32-L32-M32-N32-O32-P32-Q32-R32-S32-T32-U32-V32-W32-X32-Y32 -> 0
C33: =D33+E33+F33+G33+H33-I33-J33-K33-L33-M33-N33-O33-P33-Q33-R33-S33-T33-U33-V33-W33-X33-Y33 -> 0
C34: =D34+E34+F34+G34+H34-I34-J34-K34-L34-M34-N34-O34-P34-Q34-R34-S34-T34-U34-V34-W34-X34-Y34 -> 0
C35: =D35+E35+F35+G35+H35-I35-J35-K35-L35-M35-N35-O35-P35-Q35-R35-S35-T35-U35-V35-W35-X35-Y35 -> 0
C36: =D36+E36+F36+G36+H36-I36-J36-K36-L36-M36-N36-O36-P36-Q36-R36-S36-T36-U36-V36-W36-X36-Y36 -> 0
C37: =D37+E37+F37+G37+H37-I37-J37-K37-L37-M37-N37-O37-P37-Q37-R37-S37-T37-U37-V37-W37-X37-Y37 -> 0
C38: =D38+E38+F38+G38+H38-I38-J38-K38-L38-M38-N38-O38-P38-Q38-R38-S38-T38-U38-V38-W38-X38-Y38 -> 0
C39: =D39+E39+F39+G39+H39-I39-J39-K39-L39-M39-N39-O39-P39-Q39-R39-S39-T39-U39-V39-W39-X39-Y39 -> 0
... C500: =D500+E500+F500+G500+H500-I500-J500-K500-L500-M500-N500-O500-P500-Q500-R500-S500-T500-U500-V500-W500-X500-Y500 -> 0

Sheet Profit & Loss Statement
A1: Profit and Loss Statement: | B1: ='Balance Sheet'!B1 -> 1 April 20.. to 31 March 20.. | E1: Note: No changes can be made to this page. Amounts are automatically carried over.
A2: ='Balance Sheet'!A2:C2 -> FPA NAME: ***
A4: Description | B4: Amount | C4: Total
A5: Income:
A6: Membership Fees | B6: ='Combined Cash Book'!D4 -> 1
A7: Government Membership Fees | B7: ='Combined Cash Book'!E4 -> 2
A8: Other:
A9: ='Combined Cash Book'!F3 -> 5 | B9: ='Combined Cash Book'!F4 -> 3
A10: ='Combined Cash Book'!G3 -> 6 | B10: ='Combined Cash Book'!G4 -> 4
A11: ='Combined Cash Book'!H3 -> 7 | B11: ='Combined Cash Book'!H4 -> 5
A12: Total Income | C12: =SUM(B6:B11) -> 15
A14: Expenses:
A15: ='Combined Cash Book'!I3 -> Accounting Fees | B15: ='Combined Cash Book'!I4 -> 6
A16: ='Combined Cash Book'!J3 -> Advertising | B16: ='Combined Cash Book'!J4 -> 7
A17: ='Combined Cash Book'!K3 -> Bank Charges | B17: ='Combined Cash Book'!K4 -> 8
A18: ='Combined Cash Book'!L3 -> Courier and Postage | B18: ='Combined Cash Book'!L4 -> 9
A19: ='Combined Cash Book'!M3 -> Insurance | B19: ='Combined Cash Book'!M4 -> 10
A20: ='Combined Cash Book'!N3 -> Membership Fees | B20: ='Combined Cash Book'!N4 -> 11
A21: ='Combined Cash Book'!O3 -> Motor Vehicle Expenses | B21: ='Combined Cash Book'!O4 -> 12
A22: ='Combined Cash Book'!P3 -> Office and Meeting Expenses | B22: ='Combined Cash Book'!P4 -> 13
A23: Other:
A24: ='Combined Cash Book'!Q3 -> 2 | B24: ='Combined Cash Book'!Q4 -> 14
A25: ='Combined Cash Book'!R3 -> 3 | B25: ='Combined Cash Book'!R4 -> 15
A26: ='Combined Cash Book'!S3 -> 4 | B26: ='Combined Cash Book'!S4 -> 16
A27: ='Combined Cash Book'!T3 -> Salaries | B27: ='Combined Cash Book'!T4 -> 17
A28: ='Combined Cash Book'!U3 -> Stationery | B28: ='Combined Cash Book'!U4 -> 18
A29: ='Combined Cash Book'!V3 -> Telephone, cellphone and internet | B29: ='Combined Cash Book'!V4 -> 19
A30: ='Combined Cash Book'!W3 -> Training | B30: ='Combined Cash Book'!W4 -> 20
A31: ='Combined Cash Book'!X3 -> Traveling & Accomodation | B31: ='Combined Cash Book'!X4 -> 21
A32: Total Expenses: | C32: =SUM(B15:B31) -> 216
A34: Surplus/ - Deficit for the year | C34: =C12-C32 -> -201

Sheet Balance Sheet
A1: FPA Financial Statement (Balance Sheet): | B1: 1 April 20.. to 31 March 20.. | F1: Note 1 | G1: Enter the dates of your financial year.
A2: FPA NAME: *** | F2: Note 2 | G2: Enter your FPA name in this line
A4: Description | B4: Debit | C4: Credit
A5: Retained income / Accumelated Loss | B5: =E6 -> 0 | C5: =E5+E7 -> 500 | E5: 500 | F5: Note 3 | G5: Enter Profit (Credit) from previous year. (First Year use opening bank balance.)
A6: Assets: | E6: 0 | F6: Note 4: | G6: or: Enter Loss (Debit) from previous year. (First Year use opening bank balance.)
A7: Assets caried forward from Previous year | B7: =E7 -> 0 | E7: 0 | F7: Note 5: | G7: Enter value of Fixed Assets caried forward
A8: Fixed Assets | B8: ='Combined Cash Book'!Y4 -> 22 | F8: Note 6: | G8: Examples: Motor vehicles, Equipment, Printers, Etc.
A9: Current Assets:
A10: Bank Account | B10: ='Combined Cash Book'!C4 -> 277
A12: ='Profit & Loss Statement'!A34 -> Surplus/ - Deficit for the year | C12: ='Profit & Loss Statement'!C34 -> -201
B13: =SUM(B5:B12) -> 299 | C13: =SUM(C5:C12) -> 299
A18: ……………………………………………. | B18: …………………………..
A19: Chairman | B19: Date
A22: ……………………………………………. | B22: …………………………..
A23: Treasurer | B23: Date
